 Dungeon Crawl Stone Soup version 0.24.0-13-gcf9b319 (webtiles) character file.

Game seed: 14796120911280701764, levelgen mode: deterministic

22 Bronimir the Digger (level 2, 0/22 HPs)
             Began as a Deep Dwarf Earth Elementalist on Mar 16, 2020.
             Hit by a stone thrown by a kobold (1 damage)
             ... on level 1 of the Dungeon.
             The game lasted 00:02:28 (805 turns).

Bronimir the Digger (Deep Dwarf Earth Elementalist)  Turns: 805, Time: 00:02:29

Health: 0/22       AC:  3    Str: 11    XL:     2   Next: 68%
Magic:  1/5        EV: 12    Int: 15    God:
Gold:   48         SH:  0    Dex: 13    Spells: 2/5 levels left

rFire    . . .     SeeInvis .   h - +0 club
rCold    . . .     Gourm    .   (no shield)
rNeg     . . .     Faith    .   g - +0 leather armour
rPois    .         Spirit   .   (no helmet)
rElec    .         Reflect  .   (no cloak)
rCorr    .         Harm     .   (no gloves)
MR       .....                  (no boots)
Stlth    ++........             (no amulet)
HPRegen  0.00/turn              (no ring)
MPRegen  0.09/turn              (no ring)

@: very slightly contaminated, non-regenerating
A: damage resistance, heal wounds, sense surroundings 1, no regeneration
a: Heal Wounds


You were on level 1 of the Dungeon.
You were not hungry.

You visited 1 branch of the dungeon, and saw 1 of its levels.

You collected 48 gold pieces.

Inventory:

Hand Weapons
 h - a +0 club (weapon)
Missiles
 b - 6 stones (quivered)
 e - 18 sling bullets
Armour
 c - a +0 robe
 g - a +0 leather armour (worn)
Scrolls
 a - a scroll of fear {unknown}
 f - a scroll of teleportation {unknown}
 i - 2 scrolls of remove curse {unknown}
Comestibles
 d - 2 rations


   Skills:
 + Level 2.3 Dodging
 - Level 2.8 Stealth
 + Level 0.1 Unarmed Combat
 + Level 2.1 Spellcasting
 + Level 0.8 Transmutations
 * Level 4.5 Earth Magic


You had 2 spell levels left.
You knew the following spells:

 Your Spells              Type           Power        Failure   Level  Hunger
a - Sandblast             Erth           ###...       4%          1    #......
b - Passwall              Tmut/Erth      #.......     14%         2    ###....

Your spell library contained the following spells:

 Spells                   Type           Power        Failure   Level  Hunger
 Stone Arrow              Conj/Erth      #.....       34%         3    ###....
 Petrify                  Tmut/Erth      #.......     67%         4    #####..
 Lee's Rapid Deconstruct  Erth           ###.......   77%         5    ######.


Dungeon Overview and Level Annotations

Branches:
Dungeon (1/15)

Altars:


Innate Abilities, Weirdness & Mutations

You are resistant to damage.
You can heal yourself by infusing magical energy.
You passively map a small area around you.
You do not regenerate.


Message History

Casting: Sandblast (safe; 4% risk of failure)
Confirm with . or Enter, or press ? or * to list all spells.
Aiming: Sandblast (safe; 4% risk of failure)
Press: ? - help, Shift-Dir - straight line, f/p - rat
Aim: a rat (heavily wounded)
The blast of sand hits the rat!
You kill the rat!
b - 7 stones A kobold comes into view. It is wielding a +0 short sword.
Casting: Sandblast (safe; 4% risk of failure)
Confirm with . or Enter, or press ? or * to list all spells.
Aiming: Sandblast (safe; 4% risk of failure)
Press: ? - help, Shift-Dir - straight line, f - rat
Aim: a rat The blast of sand hits the rat.
You kill the rat!
b - 6 stones The kobold shouts!
The kobold throws a stone.
The stone hits you.
You die...

, , , * * * #####
.....#+#### ..........#
* * * ..........# , ,
,..........#* * **** ,
..........############
,
......†@..'...(......#
,
..#..[....#.....####.#*
#..#+#+##.....## #.# #.
*.#.##......###.#* .K
,...........>...# ,..
.#.#.....#..#### . ,
#,#.....##..# , , * ,
,, * ,#.....##..####. ,
* , , +.....+........


You could see a kobold.

Vanquished Creatures
  An ooze (D:1)
  A leopard gecko (D:1)
  A goblin (D:1)
  A hobgoblin (D:1)
  4 jackals (D:1)
  3 kobolds (D:1)
  2 bats (D:1)
  A frilled lizard (D:1)
  2 rats (D:1)
16 creatures vanquished.

Notes
Turn   | Place    | Note
-------+----------+-------------------------------------------
     0 | D:1      | Bronimir the Deep Dwarf Earth Elementalist began the quest
                  | for the Orb.
     0 | D:1      | Reached XP level 1. HP: 15/15 MP: 3/3
   283 | D:1      | Reached XP level 2. HP: 2/22 MP: 0/5
   715 | D:1      | Learned a level 2 spell: Passwall
   803 | D:1      | HP: 1/22 [rat (1)]
   805 | D:1      | Hit by a stone thrown by a kobold

Levels and vault maps discovered:
D:1:      dpeg_cavernosity, layout_basic, minmay_tetromino_t2

Skill      XL: |  1 |
---------------+----+-----
Spellcasting   | 2 |  2.1
Dodging        | |  2.3
Stealth        | |  2.8
Unarmed Combat | |  0.1
Transmutations | |  0.8
Earth Magic    | |  4.5

Action                   || total
-------------------------++-------
Melee: Unarmed           ||    21
 Cast: Sandblast         ||    24
Armor: Robe              ||    15
Dodge: Dodged            ||    44
